 Dungeon Crawl Stone Soup version 0.25-a0-410-g53dbb631d1 (webtiles) character file.

Game seed: 13477813313193379235, levelgen mode: deterministic

66 Enkuryo the Bolt Thrower (level 3, 0/21 HPs)
             Began as a Vampire Hunter on Jan 13, 2020.
             Slain by a goblin (2 damage)
             ... led by Robin
             ... on level 2 of the Dungeon.
             The game lasted 00:08:20 (852 turns).

Enkuryo the Bolt Thrower (Vampire Hunter)            Turns: 852, Time: 00:08:22

Health: 0/21       AC:  0    Str:  7 (11) XL:     3   Next: 96%
Magic:  1/3        EV: 20    Int: 10 (13) God:
Gold:   56         SH:  0    Dex: 16 (20) Spells: 2/2 levels left

rFire    . . .     SeeInvis +   (weapon currently unavailable)
rCold    + + .     Gourm    .   (shield currently unavailable)
rNeg     + + +     Faith    .   (armour currently unavailable)
rPois    ∞         Spirit   .   (helmet currently unavailable)
rElec    .         Reflect  .   (cloak currently unavailable)
rCorr    .         Harm     .   (gloves currently unavailable)
MR       .....                  (boots currently unavailable)
Stlth    ++++......             (no amulet)
HPRegen  0.00/turn              (ring currently unavailable)
MPRegen  0.08/turn              (ring currently unavailable)

@: bat-form, flying, bloodless, very quick
A: tiny, no food, fangs 3, see invisible
a: Revivify, End Transformation


You were on level 2 of the Dungeon.
You were bloodless.
You were in vampire-bat-form.
You visited 1 branch of the dungeon, and saw 2 of its levels.

You collected 56 gold pieces.

Inventory:

Hand Weapons
 a - a +2 hand crossbow (melded)
 b - a +0 short sword
Missiles
 d - a bolt
Armour
 c - a +0 leather armour (melded)
 f - a scarf of repulsion (melded)
Wands
 g - a wand of polymorph (8)
Scrolls
 e - a scroll of remove curse
Potions
 i - a potion of curing


   Skills:
 + Level 2.0 Fighting
 + Level 3.9 Crossbows
 + Level 1.3 Armour
 + Level 2.8 Dodging
 + Level 1.5 Stealth


You had 2 spell levels left.
You didn't know any spells.
Your spell library was empty.

Dungeon Overview and Level Annotations

Branches:
Dungeon (2/15)

Altars:

Annotations:
D:2 Robin


Innate Abilities, Weirdness & Mutations

You do not eat.
You do not regenerate when monsters are visible.
You are frail without blood (-20% HP).
You can heal yourself when you bite living creatures.
You are immune to poison.
You have razor-sharp teeth.
You have supernaturally acute eyesight. (SInv)
((You can survive without breathing.))


Message History

Now bloodless.
You clumsily bash the goblin but do no damage.
The goblin is heavily wounded.
The goblin hits you but does no damage. The goblin hits you.
The goblin misses you. The goblin barely misses you.
You turn into a vampire bat.
Your +2 hand crossbow melds into your body.
Your scarf of repulsion melds into your body.
Your +0 leather armour melds into your body.
The haze of the repulsion field disappears.
You feel weakened.
You feel dopey.
You feel clumsy.
The goblin no longer looks unusually strong.
The goblin hits you with a +0 dagger! The goblin completely misses you.
You closely miss the goblin.
The goblin is moderately wounded.
The goblin no longer looks unusually strong.
The goblin hits you with a +0 dagger!
* * * LOW HITPOINT WARNING * * *
The goblin hits you.
You die...

#.......# #########.###.##
#.......#...).################
#...........).................
#...>....†....................
#.......##....#########.....##
#>......##....# #.###.#
#)...........#g# #.# ..#
#............#b# #.#+###
#.....##.....#g## ...
#.....##.....ggg# ...
########.....ggg# #...
#......g[# ######.(.# ..(..
(...... .g.......


You could see Robin, 2 hobgoblins and 6 goblins.

Vanquished Creatures
  Jessica (D:2)
  An adder (D:2)
  A dart slug (D:1)
  A leopard gecko (D:1)
  2 giant cockroaches (D:1)
  5 goblins
  4 hobgoblins
  4 jackals (D:2)
  2 bats (D:1)
  A frilled lizard (D:1)
  3 kobolds (D:1)
  2 rats
27 creatures vanquished.

Notes
Turn   | Place    | Note
-------+----------+-------------------------------------------
     0 | D:1      | Enkuryo the Vampire Hunter began the quest for the Orb.
     0 | D:1      | Reached XP level 1. HP: 16/16 MP: 1/1
   343 | D:1      | Reached XP level 2. HP: 22/22 MP: 2/2
   761 | D:2      | Noticed Jessica
   766 | D:2      | Killed Jessica
   766 | D:2      | Reached skill level 1 in Armour
   766 | D:2      | Reached XP level 3. HP: 19/27 MP: 3/3
   832 | D:2      | Noticed Robin
   852 | D:2      | Slain by a goblin

Levels and vault maps discovered:
D:1:      lightli_iron_boxes, layout_rooms
D:2:      layout_basic, grunt_temple_overflow_order_and_chaos_1, first_ration,
          uniq_jessica, uniq_robin, uniq_sigmund

Skill      XL: |  1  2 |
---------------+-------+-----
Fighting       | 2 |  2.0
Armour         | 1 |  1.3
Crossbows      | |  3.9
Dodging        | |  2.8
Stealth        | |  1.5

Action                   || total
-------------------------++-------
Melee: Hand crossbow     ||    31
       Bite              ||     3
       Unarmed           ||     1
 Fire: Hand crossbow     ||    71
 Abil: Bat Form          ||     1
       Exsanguinate      ||     1
  Use: Potion            ||     3
       Scroll            ||     5
Armor: Leather armour    ||    68
Dodge: Dodged            ||   142

Table legend:
 A = Non-vault XP
 B = Vault XP
 C = Vault XP percentage of total XP
 D = Non-vault monster count
 E = Vault monster count
 F = Vault count percentage of total count
                 A         B        C        D         E       F
            +---------+---------+-------+---------+---------+-------
      Total |      58 |      37 |  38.9 |      26 |       1 |   3.7
            +---------+---------+-------+---------+---------+-------
        D:1 |      28 |       0 |   0.0 |      15 |       0 |   0.0
        D:2 |      30 |      37 |  55.2 |      11 |       1 |   8.3
            +---------+---------+-------+---------+---------+-------
